 Dungeon Crawl Stone Soup version 0.31-a0-1338-gb567cfdca4 (webtiles) character file.

Game seed: 1954488416606433314

56 Sonofthefire the Changeling (level 3, -2/23 HPs)
             Began as an Octopode Shapeshifter on Dec 22, 2023.
             Slain by a kobold
             ... wielding a +0 whip
              (4 damage)
             ... on level 2 of the Dungeon.
             The game lasted 00:01:12 (768 turns).

Sonofthefire the Changeling (Octopode Shapeshifter)  Turns: 768, Time: 00:01:13

Health: -2/23      AC:  1    Str: 15    XL:     3   Next: 95%
Magic:  1/1        EV: 13    Int: 15    God:
Gold:   81         SH:  0    Dex: 11    Spells: 2/2 levels left

rFire   . . .        j - +5 whip of Xaimagi {antimagic, Int+3}
rCold   . . .        (no shield)
rNeg    . . .        (helmet currently unavailable)
rPois   .            (no amulet)
rElec   .            (no ring)
rCorr   .            (no ring)
SInv    .            (no ring)
Will    .....        (no ring)
Stlth   ++           (no ring)
HPRegen 0.23/turn    (no ring)
MPRegen 0.07/turn    (no ring)
                     (no ring)

%: no passive effects
@: beast-form
A: beast (slay +2), almost no armour, amphibious, 8 rings, camouflage 1,
gelatinous body 1, (nimble swimmer 1), tentacles
a: Begin Untransformation


You were on level 2 of the Dungeon.
You were a hulking beast.
You visited 1 branch of the dungeon, and saw 2 of its levels.

You collected 81 gold pieces.

Inventory:

Hand Weapons
 j - the +5 whip of Xaimagi (weapon) {antimagic, Int+3}
   (You found it on level 2 of the Dungeon)

   Int+3:     It affects your intelligence (+3).
Jewellery
 e - an amulet of the acrobat
Talismans
 b - a beast talisman
 c - a flux talisman
Scrolls
 d - a scroll of vulnerability {unknown}
 g - a scroll of enchant armour {unknown}
 h - 2 scrolls of teleportation {unknown}
 i - a scroll of identify {unknown}
Potions
 a - a potion of lignification
 f - 3 potions of curing {unknown}


   Skills:
 - Level 1.0 Fighting
 - Level 2.0 Dodging
 - Level 3.0 Unarmed Combat
 + Level 4.5 Shapeshifting


You had 2 spell levels left.
You didn't know any spells.
Your spell library was empty.

Dungeon Overview and Level Annotations

Branches:
Dungeon (2/15)

Altars:


Innate Abilities, Weirdness & Mutations

You are a hulking beast.
Your limbs bulge with bestial killing power. (Slay +2)
You cannot wear most types of armour.
You are amphibious.
You can wear up to eight rings at the same time.
Your skin changes colour to match your surroundings (Stealth+).
Your rubbery body absorbs attacks. (AC +1, EV +1)
((You are camouflaged when in or above water. (Stealth+)))
You have tentacles for arms and can constrict up to eight enemies at once.


Message History

No target in view!
No target in view!
Things that are here:
a +0 dagger; 7 stones; a kobold corpse A kobold comes into view.
It is wielding a +0 whip.
A kobold is nearby!
A kobold is nearby!
A kobold is nearby!
A worm comes into view.
You see here a grey potion.
The worm bites you.
You are too injured to fight recklessly!
You are too injured to fight recklessly!
You are too injured to fight recklessly!
You are too injured to fight recklessly!
You are too injured to fight recklessly!
You are too injured to fight recklessly!
You are too injured to fight recklessly!
You are too injured to fight recklessly!
You are too injured to fight recklessly!
You are too injured to fight recklessly!
You are too injured to fight recklessly!
You are too injured to fight recklessly!
You are too injured to fight recklessly!
You are too injured to fight recklessly!
You are too injured to fight recklessly!
You are too injured to fight recklessly!
You are too injured to fight recklessly!
You hit the worm. You grab the worm.
The worm is lightly wounded.
You constrict the worm. The worm bites you!
You hit the worm.
The worm is moderately wounded.
You constrict the worm. The kobold hits you with a +0 whip.
You whack the worm!
The worm is severely wounded.
You constrict the worm. The worm bites you!
* * * LOW HITPOINT WARNING * * *
The kobold hits you with a +0 whip.
You die...

#....####### ####....#
.... ..# ........#
#..##..
.....#..###.##.......
##..................
##......###.##.#...# #
........# #.##.#...# .#
.##.....# #.##.#w#.#..#
.##.....# #.##.#h.....#
.##.....# #.##.#K.....#
.# ####.###...........#
.######......#.#......#
>.....).................
############.#.#....#.##
# #.#.#........ #
#.#.#..#...## #
...........#


You could see a worm and a kobold.

Vanquished Creatures
  Jessica (D:2)
  A dart slug (D:1)
  3 giant cockroaches
  2 goblins (D:2)
  3 hobgoblins
  4 kobolds
  2 quokkas
  3 ball pythons (D:2)
  2 bats (D:2)
  5 rats
26 creatures vanquished.

Notes
Turn   | Place    | Note
-------+----------+-------------------------------------------
     0 | D:1      | Sonofthefire the Octopode Shapeshifter began the quest for
                  | the Orb.
     0 | D:1      | Reached XP level 1. HP: 13/13 MP: 1/1
    66 | D:1      | Reached XP level 2. HP: 18/18 MP: 2/2
   418 | D:2      | Noticed Jessica
   430 | D:2      | Killed Jessica
   431 | D:2      | Reached skill level 4 in Shapeshifting
   431 | D:2      | Reached XP level 3. HP: 16/23 MP: 3/3
   672 | D:2      | Identified the +5 whip of Xaimagi {antimagic, Int+3}
   768 | D:2      | Slain by a kobold

Illustrated notes

Levels and vault maps discovered:
D:1:      beargit_arrival_greenhouse, layout_basic
D:2:      layout_basic, uniq_jessica

Skill      XL: |  1  2 |
---------------+-------+-----
Shapeshifting  | 4 |  4.5
Fighting       | |  1.0
Dodging        | |  2.0
Unarmed Combat | |  3.0

Action                     || total
---------------------------++-------
  Melee: Unarmed           ||    35
         Constrict         ||    12
         Tentacles         ||     4
         Whip              ||     7
   Stab: Sleeping          ||     6
 Armour: Skin              ||    14
  Dodge: Dodged            ||    18

Table legend: (Time is in decaauts)
 A = Elapsed time spent in this place.
 B = Non-inter-level travel time spent in this place.
 C = Inter-level travel time spent in this place.
 D = Time resting spent in this place.
 E = Time spent auto-exploring this place.
 F = Levels seen in this place.
 G = Mean time per level.
                   A        B        C        D        E       F      G
               +--------+--------+--------+--------+--------+-----+--------+
         Total |    765 |    739 |     26 |     65 |    527 |   2 |  382.5 |
       Dungeon |    765 |    739 |     26 |     65 |    527 |   2 |  382.5 |
               +--------+--------+--------+--------+--------+-----+--------+

Top non-repeatable levels by time:
     D:2: 550 daAuts
     D:1: 215 daAuts
